 Dungeon Crawl Stone Soup version 0.19.1-1-g22dce08 (webtiles) character file.

460 nikopol the Skirmisher (level 7, -2/66 HPs)
             Began as a Gargoyle Berserker on Jan 9, 2017.
             Was a Believer of Trog.
             Slain by an ogre
             ... wielding a +0 giant spiked club
              (21 damage)
             ... on level 4 of the Dungeon.
             The game lasted 00:09:14 (3614 turns).

nikopol the Skirmisher (Gargoyle Berserker)         Turns: 3614, Time: 00:09:14

Health: -2/66      AC: 12    Str: 25    XL:     7   Next: 7%
Magic:  7/7        EV: 13    Int:  8    God:    Trog [**....]
Gold:   187        SH:  0    Dex: 11    Spells: 0 memorised, 6 levels left

rFire  . . .     SeeInvis .     a - +0 hand axe
rCold  . . .     Gourm    .     b - +0 animal skin
rNeg   + . .     Faith    .     (no shield)
rPois  ∞         Spirit   .     (no helmet)
rElec  +         Reflect  .     g - +1 cloak
rCorr  .         Harm     .     r - +2 pair of gloves
MR     .....                    (no boots)
Stlth  ..........               (no amulet)
                                (no ring)
                                (no ring)

@: berserking, very quick
A: negative energy resistance 1, electricity resistance, unbreathing,
petrification resistance, rot immunity, AC +4
a: Berserk, Trog's Hand, Burn Spellbooks, Renounce Religion


You were on level 4 of the Dungeon.
You worshipped Trog.
Trog was pleased with you.
You were very hungry.

You visited 1 branch of the dungeon, and saw 4 of its levels.

You collected 187 gold pieces.

Inventory:

Hand Weapons
 a - a +0 hand axe (weapon)
Missiles
 d - 35 arrows (quivered)
Armour
 b - a +0 animal skin (worn)
 g - a +1 cloak (worn)
 h - a +0 pair of gloves
 r - a +2 pair of gloves (worn)
Jewellery
 e - a +4 ring of dexterity {unknown}
Wands
 n - a wand of polymorph (0/24)
Scrolls
 o - a scroll of fog {unknown}
 s - 2 scrolls of identify
 t - a scroll of magic mapping {unknown}
 v - a scroll of enchant armour
Potions
 f - a potion of resistance {unknown}
 i - a potion of haste
 l - 3 potions of beneficial mutation {unknown}
 m - 2 potions of lignification
 p - a potion of agility {unknown}
 q - a potion of curing {unknown}
Comestibles
 c - 3 bread rations
 j - a meat ration
 k - 2 beef jerkies
 u - 5 chunks of flesh


   Skills:
 + Level 5.2 Fighting
 + Level 4.1 Axes
 + Level 4.2 Armour
 + Level 3.3 Dodging


You had 6 spell levels left.
You didn't know any spells.

Dungeon Overview and Level Annotations

Branches:
Dungeon (4/15)
 Temple: D:4-7

Altars:
Hepliaklqana


Innate Abilities, Weirdness & Mutations

You are resistant to torment.
Your stone body is resilient. (AC +4)
You are immune to poison.
You resist negative energy. (rN+)
You are resistant to electric shocks. (rElec)
You can survive without breathing.
You are immune to petrification.
You are immune to rotting.


Message History

You barely miss the ogre.
The ogre is moderately wounded.
The ogre hits you with a giant spiked club!
* * * LOW HITPOINT WARNING * * *
You are too injured to fight recklessly!
You are too injured to fight recklessly!
You are too injured to fight recklessly!
You are too injured to fight recklessly!
You are too injured to fight recklessly!
You are too injured to fight recklessly!
A red film seems to cover your vision as you go berserk!
You feel yourself moving faster!
You feel mighty!
You are feeling very hungry.
The ogre barely misses you.
You slash the ogre!
The ogre is severely wounded.
You hit the ogre.
The ogre is almost dead.
The ogre hits you with a giant spiked club!!
You die...

###### ###....###
##########...##...#
...÷.......######.#
.###########
###.####.. #####
#O@........ .....
.......#.###....
##### ########.# ..
#.# #.. ##. .# # .#
.


You could see an ogre.

Vanquished Creatures
  Sigmund (D:3)
  The ghost of nikopol the Skirmisher, an amateur GrBe of Trog (D:3)
  Natasha (thrice) (D:3)
  2 adders
  2 worms (D:3)
  4 dart slugs
  5 leopard geckos
  4 giant cockroaches
  8 goblins
  9 hobgoblins
  6 jackals
  7 kobolds
  2 quokkas
  4 bats
  3 frilled lizards
  6 rats
67 creatures vanquished.

Notes
Turn   | Place    | Note
-------+----------+-------------------------------------------
     0 | D:1      | nikopol the Gargoyle Berserker began the quest for the Orb.
     0 | D:1      | Reached XP level 1. HP: 14/14 MP: 1/1
   567 | D:1      | Reached XP level 2. HP: 19/19 MP: 2/2
  1462 | D:2      | Reached XP level 3. HP: 23/23 MP: 3/3
  2323 | D:3      | Reached ** piety under Trog
  2329 | D:3      | Reached XP level 4. HP: 17/29 MP: 4/4
  2338 | D:3      | Noticed Sigmund
  2508 | D:3      | Reached skill level 4 in Fighting
  2527 | D:3      | Noticed Natasha
  2532 | D:3      | Found a hazy altar of Hepliaklqana.
  2554 | D:3      | HP: 1/29 [Natasha (5)]
  2556 | D:3      | Killed Natasha
  2581 | D:3      | Noticed nikopol's ghost (amateur GrBe)
  2620 | D:3      | Killed nikopol's ghost
  2620 | D:3      | Reached XP level 5. HP: 8/34 MP: 5/5
  2745 | D:3      | Noticed Natasha
  2835 | D:3      | Killed Natasha
  2835 | D:3      | Reached XP level 6. HP: 27/39 MP: 6/6
  2853 | D:3      | Noticed Natasha
  2860 | D:3      | Killed Natasha
  3176 | D:3      | Killed Sigmund
  3176 | D:3      | Reached skill level 5 in Fighting
  3176 | D:3      | Reached XP level 7. HP: 25/44 MP: 7/7
  3614 | D:4      | Slain by an ogre

Skill      XL: |  1  2  3  4  5  6 |
---------------+-------------------+-----
Dodging        | 2 3 |  3.3
Axes           | 3 4 |  4.1
Fighting       | 4 5 |  5.2
Armour         | 3 4 |  4.2

Action                   |  1- 3 |  4- 6 |  7- 9 || total
-------------------------+-------+-------+-------++-------
Melee: Hand axe          |   131 |    96 |    50 ||   277
       Unarmed           |    39 |       |       ||    39
Invok: Berserk           |       |     3 |     1 ||     4
       Trog's Hand       |       |     1 |       ||     1
  Use: Scroll            |     4 |       |       ||     4
  Eat: Chunk             |     4 |     5 |     3 ||    12
Armor: Animal skin       |    53 |    41 |    18 ||   112
Dodge: Dodged            |   108 |    47 |    32 ||   187
